[Event "GrandPrix_29.05"]
[Site "Chess.com"]
[Date "2020.05.29"]
[Round "8"]
[White "hypert"]
[Black "VitaliyBernadskiy"]
[Result "0-1"]
[WhiteElo "2154"]
[BlackElo "2327"]
[TimeControl "600+2"]
[EndTime "13:01:12 PDT"]
[Termination "VitaliyBernadskiy won by resignation"]

1. e4 c5 2. Nf3 d6 3. Bb5+ Nd7 4. O-O Nf6 5. Nc3 a6 6. Bxd7+ Bxd7 7. e5 dxe5 8. Nxe5 e6 9. d4 Be7 10. dxc5 Bxc5 11.
Bg5 Qc7 12. Bxf6 gxf6 13. Nxd7 Qxd7 14. Qf3 f5 15. Rad1 Qc7 16. Ne2 Rg8 17. c3 Rc8 18. Nd4 Kf8 19. Rfe1 Kg7 20. Nb3 Bd6 21. h3 Be5 22.
Rd3 Rcd8 23. Red1 Rxd3 24. Rxd3 Rd8 25. Rxd8 Qxd8 26. Kf1 b6 27. Ke2 a5 28. Qe3 Bf6 29. Nd2 b5 30. Qg3+ Kh6 31. Qd3 Qb8 32. b3 Qe5+ 33. Qe3+ Qxe3+ 34. Kxe3 Bxc3 35. Nf3 e5 36. g4 e4 37. Nh2 Kg5 38. gxf5 Kxf5 39. f3 exf3 40.
Nxf3 Bf6 41. a4 bxa4 42. bxa4 h6 43. Nh2 Bd8 44. Nf1 Bg5+ 45. Kf3 Bf4 46. Ke2 Ke4 47.
Kf2 h5 48. Ke2 h4 49. Kf2 Bc7 50. Nd2+ Kd3 51. Nf3 Bg3+ 52. Kg2 f6 53. Kf1 Kc4 54.
Ke2 Kb4 55. Kd3 Kxa4 56. Kc4 Ka3 57. Kc3 Bf2 58. Nh2 Be1+ 59. Kc2 Kb4 60. Nf3 Bg3 61. Nd2 f5 62. Nf3 Kc4 63. Nd2+ Kb5 64. Nf3 Kc5 65. Nd2 a4 66. Nf3 Kd5 67. Kd3 a3 68. Nd2 a2 69.
Nb3 Be5 70. Ke2 Kc4 71. Nd2+ Kb4 0-1

[Event "GrandPrix_29.05"]
[Site "Chess.com"]
[Date "2020.05.29"]
[Round "8"]
[White "Sunnika"]
[Black "redblizzard"]
[Result "1-0"]
[WhiteElo "2103"]
[BlackElo "1894"]
[TimeControl "600+2"]
[EndTime "13:01:25 PDT"]
[Termination "Sunnika won by checkmate"]

1. d4 Nf6 2. Nf3 g6 3. c3 Bg7 4.
Bg5 O-O 5. Nbd2 d6 6. e4 Nbd7 7. Bc4 c6 8. a4 Qc7 9. O-O h6 10. Bh4 e5 11. dxe5 dxe5 12. a5 Nc5 13. Qe2 Ne6 14.
b4 Nf4 15. Qd1 Rd8 16. Qc2 Bg4 17. h3 Bxh3 18. gxh3 Qc8 19. Rfe1 Qxh3 20. Bf1 Qg4+ 21. Bg3 N6h5 22. Nh2 Qg5 23. Ndf3 Qf6 24. Rad1 Re8 25. Rd7 g5 26. Bc4 Rf8 27. Qa2 Rad8 28. Red1 g4 29. Nh4 Nh3+ 30. Kg2 N3f4+ 31. Kh1 Nh3 32. Bxf7+ Rxf7 33. Rxd8+ Kh7 34. Nf5 Ng5 35. R1d6 Qxf5 36. exf5 Rxf5 37. Qc2 e4 38. Nxg4 Rf3 39. Qa2 Nh3 40.
Qg8# 1-0

[Event "GrandPrix_29.05"]
[Site "Chess.com"]
[Date "2020.05.29"]
[Round "8"]
[White "PotapovaM"]
[Black "wnstop"]
[Result "0-1"]
[WhiteElo "2152"]
[BlackElo "2182"]
[TimeControl "600+2"]
[EndTime "13:01:26 PDT"]
[Termination "wnstop won by resignation"]

1. d4 Nf6 2. c4 g6 3. Nc3 Bg7 4. e4 d6 5. h3 O-O 6. Be3 Na6 7.
Nf3 c5 8. d5 e6 9. Bd3 Nc7 10.
dxe6 Nxe6 11. O-O Bd7 12. Qd2 Bc6 13. Nd5 Nd7 14. Rad1 Ne5 15. Nxe5 dxe5 16. a3 a5 17. b4 axb4 18. axb4 cxb4 19. Qxb4 Nd4 20. Bxd4 exd4 21. Rfe1 Kh8 22. f4 Qh4 23. Rf1 Ra2 24. Rd2 Rfa8 25. Rxa2 Rxa2 26. Qd6 h5 27. f5 Bxd5 28. Qxd5 Qg3 29.
e5 Bxe5 30. Qd8+ Kg7 31. f6+ Kh7 32. Bxg6+ Qxg6 33. g4 Bh2+ 34. Kh1 Qe4+ 0-1

[Event "GrandPrix_29.05"]
[Site "Chess.com"]
[Date "2020.05.29"]
[Round "8"]
[White "tianachess"]
[Black "Meri-Arabidze"]
[Result "0-1"]
[WhiteElo "2016"]
[BlackElo "1980"]
[TimeControl "600+2"]
[EndTime "13:01:30 PDT"]
[Termination "Meri-Arabidze won on time"]

1. d4 d5 2. c4 e6 3. Nc3 Nf6 4. Bg5 Nbd7 5. e3 Be7 6. cxd5 exd5 7. Bd3 c6 8. Nge2 Nf8 9. O-O Ne6 10. Bh4 O-O 11. f3 g6 12. Bf2 b5 13. Qc2 Bd7 14.
h3 Rc8 15. e4 c5 16. Bxb5 Bxb5 17. Nxb5 cxd4 18. Qd3 dxe4 19. fxe4 a6 20. Nbxd4 Nc5 21. Qf3 Nfxe4 22. Be3 Ng5 23. Qg3 Nce4 24. Qe1 h5 25.
Rd1 Qc7 26. Nf4 Qe5 27. h4 Nh7 28. Nf3 Qb8 29. Nd5 Bd6 30. Bd4 Rfe8 31. Qa5 Ng3 32. Rfe1 Ne2+ 33. Rxe2 Rxe2 34. Qxa6 Re6 35. Qd3 Rce8 36.
Bc3 Bc5+ 37. Kh1 Qg3 38. a3 Re2 39. Ne1 Rxe1+ 40. Bxe1 Rxe1+ 0-1

[Event "GrandPrix_29.05"]
[Site "Chess.com"]
[Date "2020.05.29"]
[Round "8"]
[White "vladislavkovalev"]
[Black "Tesla37"]
[Result "1-0"]
[WhiteElo "2822"]
[BlackElo "2840"]
[TimeControl "600+2"]
[EndTime "13:01:33 PDT"]
[Termination "vladislavkovalev won by resignation"]

1. e4 Nf6 2. e5 Nd5 3. d4 d6 4. Nf3 dxe5 5. Nxe5 c6 6. Be2 Bf5 7. O-O Nd7 8. c4 Nb4 9. Nd3 Nxd3 10. Bxd3 Bxd3 11. Qxd3 e6 12. Be3 Be7 13. Nc3 O-O 14. Rad1 Nf6 15. d5 exd5 16. cxd5 Nxd5 17. Nxd5 cxd5 18. Qxd5 Qxd5 19. Rxd5 Rfd8 20. Rxd8+ Rxd8 21. Rc1 b6 22. g3 Bd6 23. Kf1 Kf8 24. Ke2 Ke7 25. Rc4 Rd7 26. a4 Ke6 27. b4 Rc7 28. Kd3 Kd5 29. Rd4+ Ke6 30. Rxd6+ Kxd6 31. Bf4+ Kd7 32.
Bxc7 Kxc7 33. Kc4 Kc6 34. g4 a6 35. Kd4 Kd6 36. h4 f6 37. Ke4 g6 38. Kd4 h6 39. h5 gxh5 40. gxh5 Ke6 41. a5 bxa5 42. bxa5 Kd6 43. Ke4 Kc5 44. Kf5 Kb4 45. Kg6 Kxa5 46.
Kxh6 Kb5 47. Kg6 a5 48. h6 a4 49. h7 1-0

[Event "GrandPrix_29.05"]
[Site "Chess.com"]
[Date "2020.05.29"]
[Round "8"]
[White "Arm-Akiba"]
[Black "Anton_Demchenko"]
[Result "1-0"]
[WhiteElo "2890"]
[BlackElo "2649"]
[TimeControl "600+2"]
[EndTime "13:01:34 PDT"]
[Termination "Arm-Akiba won by resignation"]

1. d4 Nf6 2. c4 d6 3. Nf3 Nc6 4.
Nc3 e5 5. dxe5 dxe5 6. Qxd8+ Kxd8 7. Bg5 Be6 8. O-O-O+ Kc8 9. Bxf6 gxf6 10. e3 f5 11. g3 e4 12. Nh4 Be7 13. Ng2 Ne5 14. Nd5 Bd8 15. Ngf4 c6 16. Nxe6 fxe6 17. Nf4 Re8 18. Rd6 Ng4 19. Be2 Nxf2 20. Rf1 e5 21. Ng2 Nd3+ 22. Bxd3 exd3 23. Rxf5 e4 24. Rf7 h5 25.
Rdd7 b5 26. cxb5 cxb5 27. Nf4 a5 28. Rd5 Bb6 29. Kd2 Rb8 30. Rdd7 a4 31. Nd5 Ba5+ 32. Kd1 Ra8 33. Nf6 Rh8 34. Nxe4 Ra6 35. Nd6+ Kb8 36.
Rb7+ Ka8 37. Nxb5 h4 38. Ra7+ Rxa7 39. Rxa7+ Kb8 40. Rxa5 hxg3 41. hxg3 Rh2 42. Nd4 Kc7 43. Rb5 Kd6 44. a3 Rg2 45. g4 Ke7 46. g5 Kf7 47.
Rb6 Rxg5 48. Kd2 Rg2+ 49. Kxd3 1-0

[Event "GrandPrix_29.05"]
[Site "Chess.com"]
[Date "2020.05.29"]
[Round "8"]
[White "Artur0208"]
[Black "elohunter1999"]
[Result "0-1"]
[WhiteElo "2291"]
[BlackElo "2222"]
[TimeControl "600+2"]
[EndTime "13:01:41 PDT"]
[Termination "elohunter1999 won by resignation"]

1. d4 Nf6 2. c4 e6 3. Nf3 d5 4. Nc3 Nbd7 5. cxd5 exd5 6. Bg5 c6 7. e3 Be7 8. Bd3 h6 9. Bh4 Nh5 10. Bxe7 Qxe7 11. O-O Nhf6 12. Qc2 O-O 13. Rfe1 Re8 14. h3 Ne4 15. Nd2 Nxd2 16. Qxd2 Nf6 17. Qc2 Bd7 18.
b4 a6 19. Na4 Qxb4 20. Rab1 Qa5 21. Nc5 Bc8 22. Rec1 Qc7 23. Qb2 b5 24. Qc2 Qd6 25. Nb3 Bd7 26. Na5 Rac8 27. Qc5 Qc7 28. Qb4 Qb6 29. Rc5 Rc7 30. Rbc1 Rec8 31. a3 Be6 32. Nb3 Nd7 33. R5c3 Ra8 34. Qd6 Rac8 35. f4 Nf6 36.
Qc5 Nd7 37. Qxb6 Nxb6 38. Nc5 Nc4 39. Nxa6 Ra7 40. Bxc4 dxc4 41. Nb4 Bf5 42. Kf2 Be4 43. Ra1 Rca8 44. Nc2 Bxc2 45. Rxc2 Rxa3 46. Rxa3 Rxa3 47. Kf3 f5 48. g4 g6 49. gxf5 gxf5 0-1

[Event "GrandPrix_29.05"]
[Site "Chess.com"]
[Date "2020.05.29"]
[Round "8"]
[White "SavelijTartakover"]
[Black "VerdeNotte"]
[Result "0-1"]
[WhiteElo "2519"]
[BlackElo "2743"]
[TimeControl "600+2"]
[EndTime "13:01:43 PDT"]
[Termination "VerdeNotte won by resignation"]

1. d4 Nf6 2. c4 g6 3. Nc3 Bg7 4. e4 d6 5. Be2 O-O 6. Bg5 a6 7. Nf3 Nbd7 8. O-O c5 9. Rc1 h6 10. Bh4 g5 11. Bg3 Nh5 12. dxc5 dxc5 13. Qc2 Nxg3 14.
hxg3 e6 15. Rfd1 Qc7 16. Rd2 Nb8 17. e5 Nc6 18. Qe4 Nxe5 19. Nxe5 f5 20. Nd5 Qxe5 21. Ne7+ Kf7 22. Qxe5 Bxe5 23. Nxc8 Raxc8 24. Rd7+ Kf6 25.
Rxb7 Rb8 26. Rxb8 Rxb8 27. b3 g4 28. Kf1 Bd4 29. Bd3 Rd8 30. Rd1 e5 31. Ke2 h5 32.
Bc2 Kg5 33. Bd3 Rh8 34. Rh1 Bc3 35. Rc1 Bb2 36. Rb1 Bc3 37. Rc1 Bd4 38. Rh1 a5 39. Bc2 Rf8 40. f4+ exf4 41. gxf4+ Kxf4 42. Rxh5 Re8+ 43.
Kf1 Bc3 0-1

[Event "GrandPrix_29.05"]
[Site "Chess.com"]
[Date "2020.05.29"]
[Round "8"]
[White "Eltaj_Safarli"]
[Black "Zubrrr"]
[Result "1-0"]
[WhiteElo "2552"]
[BlackElo "2568"]
[TimeControl "600+2"]
[EndTime "13:01:48 PDT"]
[Termination "Eltaj_Safarli won by resignation"]

1. e4 c5 2. Nc3 d6 3. Bb5+ Bd7 4. Bxd7+ Qxd7 5. d4 cxd4 6. Qxd4 Nc6 7. Qd3 g6 8. Bg5 Bg7 9. Nf3 h6 10. Be3 Nf6 11.
O-O Ng4 12. Bf4 O-O 13. Rad1 Rac8 14. h3 Nge5 15. Nxe5 Nxe5 16. Qg3 Nc4 17. Bc1 Rc5 18.
f4 e6 19. e5 Qc7 20. b3 Nxe5 21. Ne4 Nd7 22. Nxc5 Nxc5 23. c4 Ne4 24. Qd3 f5 25.
Be3 Qa5 26. a4 a6 27. Kh2 Qb4 28. Rf3 Kf7 29. Bd4 Bxd4 30. Qxd4 Rd8 31. Rfd3 Nc5 32.
Re3 Ne4 33. g4 Qa3 34. Rg1 Qc5 35. Rd1 Qa3 36. Rg1 Qc5 37. Rd3 Qxd4 38. Rxd4 a5 39. gxf5 gxf5 40. Rg2 Nc5 41. Rd1 Nxb3 42. Rdg1 Rf8 43.
Rg7+ Ke8 44. Rxb7 Nc5 45. Ra7 1-0

[Event "GrandPrix_29.05"]
[Site "Chess.com"]
[Date "2020.05.29"]
[Round "8"]
[White "Olga_Girya"]
[Black "woodhy"]
[Result "0-1"]
[WhiteElo "2155"]
[BlackElo "2152"]
[TimeControl "600+2"]
[EndTime "13:01:51 PDT"]
[Termination "woodhy won by resignation"]

1. d4 Nf6 2. Nf3 b6 3. g3 Bb7 4.
c4 g6 5. Bg2 Bg7 6. O-O O-O 7.
Qc2 Ne4 8. Ng5 Nd6 9. Nf3 Nc6 10. e3 a5 11. a3 f5 12. Nbd2 e5 13. dxe5 Nxe5 14.
Nxe5 Bxe5 15. Bxb7 Nxb7 16. Nf3 Bg7 17. Bd2 Nc5 18. Bc3 a4 19. Rad1 Bxc3 20. Qxc3 Qf6 21. Qxf6 Rxf6 22. Ne5 d6 23. Nd3 Nb3 24. Nb4 Re8 25.
Nd5 Rf7 26. Nc3 Nc5 27. Rfe1 Rd7 28. Nd5 Kf7 29. Kg2 Rb8 30. Nc3 Ra8 31. e4 fxe4 32.
Nxe4 Nxe4 33. Rxe4 Re7 34. Rde1 Rxe4 35. Rxe4 Ra5 36.
Kf3 b5 37. Ke3 bxc4 38. Rxc4 c5 39. Kd3 d5 40. Rf4+ Ke6 41. Rf8 Rb5 42. Kc2 Rb3 43. f4 d4 44. Rh8 Rf3 45. Rxh7 Kd5 46. Rd7+ Kc4 47. Ra7 Rf2+ 48. Kb1 d3 49. Rxa4+ Kb3 0-1

[Event "GrandPrix_29.05"]
[Site "Chess.com"]
[Date "2020.05.29"]
[Round "8"]
[White "Matibar"]
[Black "moro182"]
[Result "1-0"]
[WhiteElo "2485"]
[BlackElo "2500"]
[TimeControl "600+2"]
[EndTime "13:01:59 PDT"]
[Termination "Matibar won by resignation"]

1. e4 e5 2. Nc3 Nc6 3. g3 g6 4.
Bg2 Bg7 5. Nge2 Nge7 6. d3 O-O 7.
h4 h5 8. Be3 Nd4 9. Bg5 d6 10.
Nxd4 exd4 11. Ne2 Be6 12. Qd2 Qd7 13. Nf4 Bg4 14. Bxe7 Qxe7 15. f3 Bd7 16. O-O-O Bh6 17. Kb1 Qe5 18. Qf2 c6 19. Bh3 Bxh3 20. Nxh3 Be3 21.
Qg2 a5 22. g4 a4 23. f4 Qb5 24. gxh5 a3 25. b3 Qc5 26. c4 Qxh5 27. f5 b5 28. Ng5 bxc4 29. dxc4 Rae8 30. Rdf1 Kh8 31. Kc2 f6 32. Kd3 gxf5 33. Rxf5 Qg6 34. Rhf1 d5 35. Qh3 dxe4+ 36. Nxe4 Re7 37. Qf3 Rfe8 38. Qh5+ Qxh5 39. Rxh5+ Kg7 40. Nxf6 Rd8 41. Rhf5 Rh8 42. h5 Rd8 43. R1f3 Rd6 44. Rg3+ Kf7 45. Ne4+ Ke6 46. Nxd6 Kxd6 47. Rg6+ Kc7 48. h6 Bc1 49. Rg7 1-0

[Event "GrandPrix_29.05"]
[Site "Chess.com"]
[Date "2020.05.29"]
[Round "8"]
[White "Tormoz"]
[Black "sergoy"]
[Result "1-0"]
[WhiteElo "2505"]
[BlackElo "2263"]
[TimeControl "600+2"]
[EndTime "13:02:09 PDT"]
[Termination "Tormoz won by checkmate"]

1. d4 Nf6 2. Nf3 e6 3. c4 d5 4. g3 Bb4+ 5. Nc3 dxc4 6. Bg2 O-O 7. O-O Nc6 8. Qa4 Nd5 9. Qc2 Be7 10. Rd1 Rb8 11. e4 Ndb4 12. Qe2 Nd3 13. Be3 b6 14. a3 Na5 15. b4 Nc6 16. Qa2 Bd7 17. d5 exd5 18.
exd5 Nce5 19. Nxe5 Nxe5 20. Bd4 Bf6 21. Ne4 Ba4 22.
Nxf6+ gxf6 23. Re1 Bb3 24. Qd2 Qd6 25. Qh6 Rfe8 26. f4 Nd7 27. Be4 Rxe4 28. Rxe4 Bc2 29. Re3 c5 30. Bc3 Qf8 31. Qh3 f5 32. Rae1 cxb4 33.
axb4 a5 34. Qh5 h6 35. bxa5 bxa5 36. Re7 Nc5 37. Rxf7 Qxf7 38. Qxh6 Qh7 39. Qg5+ Kf8 40. Qf6+ Kg8 41. Qd6 Rb1 42. Qd8+ Kf7 43. Qe8# 1-0

[Event "GrandPrix_29.05"]
[Site "Chess.com"]
[Date "2020.05.29"]
[Round "8"]
[White "Carpe7Diem"]
[Black "Baron_von_Koenig"]
[Result "0-1"]
[WhiteElo "2043"]
[BlackElo "2058"]
[TimeControl "600+2"]
[EndTime "13:02:09 PDT"]
[Termination "Baron_von_Koenig won on time"]

1. c4 Nc6 2. Nc3 e5 3. g3 f5 4. Bg2 Nf6 5. e3 d5 6. Nxd5 Nxd5 7. cxd5 Nb4 8. d3 Nxd5 9. Nf3 Bb4+ 10. Bd2 Bxd2+ 11. Qxd2 Qd6 12. d4 e4 13. Ne5 O-O 14. Rc1 c6 15. O-O Be6 16. Rfd1 Nf6 17. b3 Nd7 18. Nxd7 Qxd7 19. Bf1 b5 20. Rc5 Bd5 21. Qa5 a6 22. Rdc1 g5 23. Qc3 Rac8 24. a4 Rb8 25. Qa5 Ra8 26. Qb4 f4 27. axb5 axb5 28. Bxb5 cxb5 29.
Qxb5 Rad8 30. b4 fxe3 31. fxe3 Qf7 32. Qe2 Qf3 33. Qxf3 Rxf3 34. R1c3 h6 35. b5 Be6 36. b6 Bh3 37. Rc1 Rdf8 38. Rc8 Bxc8 0-1

[Event "GrandPrix_29.05"]
[Site "Chess.com"]
[Date "2020.05.29"]
[Round "8"]
[White "KuzubovYuriy"]
[Black "viktorskliarov"]
[Result "1-0"]
[WhiteElo "2406"]
[BlackElo "2206"]
[TimeControl "600+2"]
[EndTime "13:02:18 PDT"]
[Termination "KuzubovYuriy won by resignation"]

1. d4 Nf6 2. c4 e6 3. Nf3 b6 4. g3 Bb7 5. Bg2 Be7 6. Nc3 O-O 7.
Qc2 d5 8. cxd5 Nxd5 9. Nxd5 exd5 10. Bf4 c6 11. h4 Nd7 12. Ng5 Nf6 13. Be5 Bb4+ 14.
Kf1 Re8 15. Bxf6 Qxf6 16. Qxh7+ Kf8 17. Qd3 Kg8 18. Bf3 a5 19. Kg2 Ba6 20. Qh7+ Kf8 21. e3 a4 22. Rac1 a3 23. bxa3 Bxa3 24. Rb1 g6 25. Qh6+ Ke7 26. Nh7 Rh8 27. Nxf6 Rxh6 28. Ng4 Rhh8 29. Rxb6 Bc4 30. Ne5 Bxa2 31. Rb7+ Ke6 32.
Nxf7 Rhb8 33. Ng5+ Kd6 34. Rg7 Bb1 35. h5 c5 36. dxc5+ Kxc5 37. hxg6 Bb2 38. Rxb1 Bxg7 39. Rxb8 Rxb8 40. Ne6+ Kc4 41. Nxg7 Rg8 42. Ne6 Rxg6 43. Bxd5+ 1-0

[Event "GrandPrix_29.05"]
[Site "Chess.com"]
[Date "2020.05.29"]
[Round "8"]
[White "Nitzan_Steinberg"]
[Black "ValeriyGrinev"]
[Result "1-0"]
[WhiteElo "2343"]
[BlackElo "2094"]
[TimeControl "600+2"]
[EndTime "13:02:19 PDT"]
[Termination "Nitzan_Steinberg won by resignation"]

1. e4 c5 2. Nf3 e6 3. d4 cxd4 4. Nxd4 a6 5. c4 Nf6 6. Nc3 Qc7 7. Be2 Bb4 8. Qd3 d6 9. Nc2 Bc5 10. b4 Ba7 11. Be3 Bxe3 12. Nxe3 Nc6 13. a3 O-O 14. O-O b6 15. f4 Bb7 16. g3 Rac8 17. Rac1 Ne7 18.
Rfd1 Rfd8 19. Bf3 Ba8 20. Kg2 Qb8 21. h4 Bc6 22. h5 h6 23. Ng4 Nxg4 24. Bxg4 b5 25.
cxb5 axb5 26. Bf3 d5 27. e5 d4 28. Ne4 Nf5 29. Re1 Ne3+ 30. Kf2 Bxe4 31. Bxe4 Rc4 32.
Qd2 Qb6 33. Bd3 Qc6 34. Kg1 Rxc1 35. Rxc1 Qf3 36. Qf2 Qxh5 37. Be2 Qf5 38. Bxb5 Qe4 39. Bc6 Qd3 40. b5 Ng4 41. Qe1 Qxa3 42. Rd1 d3 43. Rd2 Qc5+ 44. Kh1 Qd4 45. Be4 Ne3 46.
Bxd3 Nc4 47. Bh7+ Kxh7 48. Rxd4 Rxd4 49. Qc3 Rd1+ 50. Kg2 Nd2 51. Qc2+ 1-0

[Event "GrandPrix_29.05"]
[Site "Chess.com"]
[Date "2020.05.29"]
[Round "8"]
[White "Mizner"]
[Black "SpasKozhuharov"]
[Result "1-0"]
[WhiteElo "2148"]
[BlackElo "2092"]
[TimeControl "600+2"]
[EndTime "13:02:35 PDT"]
[Termination "Mizner won on time"]

1. d4 d5 2. c4 dxc4 3. Nf3 a6 4. e3 e6 5. Bxc4 Nf6 6. O-O b5 7. Be2 Bb7 8. a4 b4 9. Ne5 c5 10. dxc5 Qxd1 11. Rxd1 Bxc5 12. Nd2 Nbd7 13. Nd3 Be7 14. a5 O-O 15. Nc4 Rfc8 16. b3 Nd5 17. Bf3 Rab8 18.
Bd2 Nc3 19. Bxb7 Rxb7 20. Re1 Nc5 21. Nxc5 Bxc5 22. Kf1 Rd8 23. Rec1 Ne4 24. Be1 Rd3 25. Ne5 Rd5 26. Nc6 f6 27. Rc4 Nd6 28. Rc2 Ne4 29. Rac1 Bf8 30. Rc4 Nd2+ 31. Bxd2 Rxd2 32. Rd4 Rb2 33.
Nd8 Rb8 34. Rd3 e5 35. Rc7 e4 36. Rdd7 Rxb3 37. Ne6 Rc3 38. Rb7 Rbc8 39. g4 Rb3 40. Nxf8 Rc1+ 41. Kg2 Rb2 42. Ne6 1-0

[Event "GrandPrix_29.05"]
[Site "Chess.com"]
[Date "2020.05.29"]
[Round "8"]
[White "bedgasm"]
[Black "Onischuk_V"]
[Result "0-1"]
[WhiteElo "2250"]
[BlackElo "2453"]
[TimeControl "600+2"]
[EndTime "13:02:38 PDT"]
[Termination "Onischuk_V won on time"]

1. e4 d6 2. d4 Nf6 3. Nc3 g6 4.
Nf3 Bg7 5. Be2 O-O 6. O-O Nc6 7. d5 Ne5 8. Nxe5 dxe5 9. f4 exf4 10. Bxf4 Nd7 11.
Qd2 Ne5 12. Bh6 Qd6 13. Bxg7 Kxg7 14. Qe3 Bd7 15. Rad1 Qb6 16. Qxb6 cxb6 17. Nb5 Bxb5 18. Bxb5 Rfc8 19. c3 a6 20. Be2 b5 21. Rd4 Rc7 22. Kf2 Rd8 23. Ke3 h5 24. a4 bxa4 25.
Rxa4 Rd6 26. h3 h4 27. Rc1 e6 28. Rd4 exd5 29. exd5 b5 30. Rxh4 Rxd5 31. Rd4 Rdc5 32.
Rd6 a5 33. Ra1 b4 34. cxb4 axb4 35. Rad1 Re7 36. Kd2 Nc6 37. b3 Na5 38. Rd3 Rec7 39. Ra1 Nc6 40. Ra4 Ne5 41. Re3 Rc2+ 42. Ke1 Nc6 43.
Kf2 Rd7 44. Kg1 Rdd2 45. Bf3 Nd4 46. Rxb4 Nxf3+ 47. Rxf3 Rxg2+ 48. Kf1 f5 49. Rc4 Rb2 50. b4 Rh2 51. Kg1 Rhd2 52. Rcf4 Kh6 53. Rf2 Rxf2 54.
Rxf2 Rxb4 55. Rc2 Kh5 56. Rc6 Rb2 57. Rf6 Kg5 58. Ra6 f4 59. h4+ Kf5 60. Ra5+ Ke4 61. Rg5 Rb6 62. h5 gxh5 63. Rxh5 Ke3 64. Re5+ Kf3 65. Ra5 Rb1+ 66. Kh2 Kf2 67. Ra2+ Kf1 68. Rc2 Ra1 69. Rb2 Ra3 70. Rc2 f3 71. Rc1+ Ke2 72.
Kg3 f2+ 73. Kg2 Ra2 74. Rf1 Ke3 75. Rb1 Rd2 76. Rf1 Re2 77. Kg3 Ra2 78. Kg2 Rb2 79. Rd1 Rb8 80. Kf1 Rg8 0-1

[Event "GrandPrix_29.05"]
[Site "Chess.com"]
[Date "2020.05.29"]
[Round "8"]
[White "Jan1401"]
[Black "ALeks_Ivlev"]
[Result "1-0"]
[WhiteElo "2200"]
[BlackElo "2045"]
[TimeControl "600+2"]
[EndTime "13:02:48 PDT"]
[Termination "Jan1401 won by resignation"]

1. e4 c5 2. Nf3 d6 3. Bb5+ Nd7 4. O-O Nf6 5. Re1 a6 6. Bd3 g6 7. c3 Bg7 8. Bf1 O-O 9. d4 cxd4 10. cxd4 d5 11.
e5 Ne4 12. Nbd2 Nxd2 13. Bxd2 Nb8 14. h3 Nc6 15. a4 Bf5 16. b4 Be4 17. Bc3 Rc8 18.
Ra3 Qb6 19. Nd2 Bf5 20. Nf3 a5 21. bxa5 Nxa5 22. Bb5 Nc4 23. Rb3 Qc7 24. Bb4 Qd8 25. Qe2 Bd7 26. Ng5 Bxb5 27. axb5 Qd7 28. Nxf7 Qxb5 29.
Ng5 Qa4 30. Rbb1 Rce8 31. Qg4 Qc6 32. Qh4 h6 33. Nf3 Qe6 34. Qg3 Kh7 35. Nh4 g5 36. Qd3+ Kg8 37. Ng6 Rf7 38. f4 gxf4 39. Rf1 f3 40.
Kh2 fxg2 41. Kxg2 b5 42. Rxf7 Qxf7 43. Rf1 Qe6 44. Kh2 Nb2 45. Qc2 Rc8 46. Qxc8+ Qxc8 47. Nxe7+ Kh7 48. Nxc8 Nd3 49. Be7 Kg6 50. Bf6 Bf8 51.
Ne7+ Kf7 52. Nxd5 Ke6 53. Nf4+ 1-0

[Event "GrandPrix_29.05"]
[Site "Chess.com"]
[Date "2020.05.29"]
[Round "8"]
[White "SmirnovTimofey2000"]
[Black "Rakhmanov_Aleksandr"]
[Result "0-1"]
[WhiteElo "2215"]
[BlackElo "2428"]
[TimeControl "600+2"]
[EndTime "13:02:53 PDT"]
[Termination "Rakhmanov_Aleksandr won by resignation"]

1. e4 c5 2. Nf3 Nf6 3. Nc3 d5 4. exd5 Nxd5 5. Nxd5 Qxd5 6. d4 Nc6 7. Be3 cxd4 8.
Nxd4 a6 9. c3 e5 10. Nb3 Be6 11. Qxd5 Bxd5 12. O-O-O O-O-O 13. Bb6 Rd7 14. Bd3 g6 15. f3 Be7 16. Be4 Bxe4 17. fxe4 Rxd1+ 18. Rxd1 f5 19. Rf1 Rf8 20. Kc2 Kd7 21. Nd2 Ke6 22.
b4 Nb8 23. a4 Nd7 24. Bg1 Nf6 25. exf5+ gxf5 26. Nf3 Ne4 27. Kb3 Rd8 28. Bb6 Rd3 29.
Rc1 h5 30. b5 h4 31. h3 f4 32. Kc4 Rd6 33. Re1 Nd2+ 34. Nxd2 Rxd2 35. Rg1 Ra2 36. Kb3 Ra3+ 37. Kc2 Rxa4 38. bxa6 Ra2+ 39. Kb3 Rxa6 40. Bf2 Ra3+ 41. Kb2 Ra4 42. Re1 b5 43. Kb3 Ra3+ 44. Kb2 Ra8 45. Bd4 Bd6 46. Bf2 Rg8 47. Rg1 Be7 48.
Kc2 Kf5 49. Kd2 Bf6 50. Ke2 e4 0-1

[Event "GrandPrix_29.05"]
[Site "Chess.com"]
[Date "2020.05.29"]
[Round "8"]
[White "matej2221"]
[Black "ulkaf961"]
[Result "1-0"]
[WhiteElo "2193"]
[BlackElo "2032"]
[TimeControl "600+2"]
[EndTime "13:02:57 PDT"]
[Termination "matej2221 won by resignation"]

1. e4 e6 2. d4 d5 3. Nd2 a6 4. c3 Nf6 5. Bd3 c5 6. Ngf3 Nc6 7. exd5 exd5 8. O-O Be7 9. dxc5 O-O 10. Nb3 Bg4 11.
Be3 Qc7 12. Be2 Rad8 13. Nfd4 Bxe2 14. Qxe2 Qc8 15. Nxc6 bxc6 16. f3 Rfe8 17. Qf2 Nd7 18. Na5 Bf6 19. Bd4 Ne5 20. Rfd1 Re6 21. Qf1 Rde8 22. b4 h5 23. c4 Nxc4 24. Nxc4 Bxd4+ 25. Rxd4 dxc4 26. Qxc4 Re2 27. Rad1 Re1+ 28. Rxe1 Rxe1+ 29.
Kf2 Qe8 30. Re4 Rxe4 31. Qxe4 Qd7 32. Ke3 Qd1 33. Qxc6 Qe1+ 34. Kd4 Qxb4+ 35. Kd5 Qd2+ 36. Ke5 Qg5+ 37. Kd6 Qf4+ 38. Kd7 Qxh2 39. Qa8+ Kh7 40. Qe4+ g6 41. c6 Qxg2 42. c7 Qd2+ 43. Ke8 Qc3 44. Qe7 Qh8+ 45. Kxf7 Kh6 46. f4 Qc8 47.
Qg5+ Kh7 48. Qxg6+ 1-0

[Event "GrandPrix_29.05"]
[Site "Chess.com"]
[Date "2020.05.29"]
[Round "8"]
[White "SacrificeGod"]
[Black "klippfiskkjerringa"]
[Result "1-0"]
[WhiteElo "2282"]
[BlackElo "2054"]
[TimeControl "600+2"]
[EndTime "13:02:58 PDT"]
[Termination "SacrificeGod won by checkmate"]

1. e4 e5 2. Nf3 Nc6 3. Bc4 Nf6 4.
d3 Bc5 5. c3 O-O 6. Bb3 d5 7. Qe2 a5 8. a4 Be6 9. Bc2 h6 10. Nbd2 Re8 11. h3 Nh5 12. g3 Nf6 13. g4 Nh7 14. Nf1 Qd6 15. Ng3 Rad8 16. Rg1 Kh8 17.
Nf5 Bxf5 18. gxf5 d4 19. h4 Qe7 20. Rh1 Rd6 21. Bb3 Qf8 22. Ng5 hxg5 23. hxg5 g6 24. f6 Kg8 25. Qg4 Kh8 26. Rh3 Nd8 27. Bd2 Ne6 28.
Ke2 Qg8 29. Rah1 Red8 30. Rxh7+ Qxh7 31. Rxh7+ Kxh7 32. Qh4+ Kg8 33. Qh6 R6d7 34. Bxe6 fxe6 35. Qxg6+ Kh8 36. f7 Bf8 37. Qh5+ Kg7 38. g6 dxc3 39. Bh6+ Kf6 40. Qg5# 1-0

[Event "GrandPrix_29.05"]
[Site "Chess.com"]
[Date "2020.05.29"]
[Round "8"]
[White "Kostya_Nikologorskiy"]
[Black "ftorodent"]
[Result "1-0"]
[WhiteElo "2242"]
[BlackElo "2091"]
[TimeControl "600+2"]
[EndTime "13:03:00 PDT"]
[Termination "Kostya_Nikologorskiy won by resignation"]

1. e4 c5 2. Nf3 e6 3. b3 Nc6 4. Bb2 Nf6 5. e5 Nd5 6. Nc3 Nxc3 7. Bxc3 Be7 8. Bd3 O-O 9. h4 h6 10. Qe2 d5 11. exd6 Qxd6 12. O-O-O Nb4 13. Bxb4 cxb4 14. Qe5 Qxe5 15. Nxe5 Bd6 16. f4 f6 17. Ng6 Rd8 18. h5 Bd7 19. Rde1 b5 20. g4 a5 21. g5 a4 22. Kd1 axb3 23. axb3 Kf7 24. Rhf1 Ra1+ 25. Ke2 Rxe1+ 26. Kxe1 Ra8 27. Ke2 Bc6 28. gxh6 gxh6 29. Ne5+ Bxe5 30. fxe5 f5 31. Rg1 Rd8 32. Ke3 Rd5 33. Rg6 Rxe5+ 34. Kf4 Re1 35. Rxh6 e5+ 36. Kg5 Be4 37. Bxe4 fxe4 38. Kf5 e3 39. dxe3 Rxe3 40. Rh7+ Kg8 41. Re7 Rh3 42. Kg6 Rg3+ 43. Kf6 Rf3+ 44. Kxe5 Rh3 45. Kd6 Rxh5 46. Re5 Rh2 47. Rc5 Kf7 48.
Kc6 Ke6 49. Kxb5 Rh4 50. Rc4 1-0

[Event "GrandPrix_29.05"]
[Site "Chess.com"]
[Date "2020.05.29"]
[Round "8"]
[White "sergiochess83"]
[Black "aleksandrovaleksei"]
[Result "0-1"]
[WhiteElo "2440"]
[BlackElo "2483"]
[TimeControl "600+2"]
[EndTime "13:03:05 PDT"]
[Termination "aleksandrovaleksei won by resignation"]

1. e4 e5 2. Nf3 Nc6 3. Bb5 Nf6 4. d3 d6 5. O-O Bd7 6. c3 g6 7. Re1 Bg7 8. Nbd2 O-O 9. Nf1 Nh5 10. Ng3 Nxg3 11. hxg3 Kh8 12. d4 Nxd4 13. Nxd4 exd4 14. Bxd7 dxc3 15. Ba4 cxb2 16. Bxb2 Bxb2 17. Rb1 Qf6 18. Qc2 Bd4 19. Rxb7 Bb6 20. Bc6 Rad8 21. a4 a5 22. Bd5 Rde8 23. Rxc7 Bxc7 24. Qxc7 Rb8 25.
Qxa5 Rb2 26. Qa7 Kg7 27. Rf1 Rfb8 28. a5 Rb1 29. Rxb1 Rxb1+ 30. Kh2 h5 31. a6 Ra1 32. Qb6 h4 33. a7 hxg3+ 34. Kxg3 g5 35. Qe3 Rxa7 36. Kg4 Kg6 37. g3 Ra1 38. Qd2 Qe5 39. Qd3 Rc1 40. Qf3 Qf6 41. Qxf6+ Kxf6 42. f4 gxf4 43. gxf4 Rf1 44. Kg3 Ke7 45. Bc4 Rg1+ 46. Kf2 Rc1 47. Bd5 Rc3 48. Ke2 f6 0-1